 Dungeon Sprint DCSS version 0.23-a0-681-g26ad783 (webtiles) character file.

487 Lanoc the Grappler (level 6, -30/68 HPs)
             Began as a Troll Monk on Jan 11, 2019.
             Was a Believer of Qazlal.
             Shot with an arrow by a deep elf master archer (36 damage)
             ... in the Dungeon (Sprint II: "The Violet Keep of Menkaure").
             The game lasted 00:03:54 (254 turns).

Lanoc the Grappler (Troll Monk)                      Turns: 254, Time: 00:03:55

Health: -30/68     AC:  5    Str: 22    XL:     6   Next: 89%
Magic:  5/5        EV: 13    Int:  6    God:    Qazlal [**....]
Gold:   99         SH:  2    Dex: 12    Spells: 5/5 levels left

rFire    . . .     SeeInvis .     - Unarmed
rCold    . . .     Gourm    +   (no shield)
rNeg     . . .     Faith    .   a - +0 robe
rPois    .         Spirit   .   (helmet restricted)
rElec    .         Reflect  .   (no cloak)
rCorr    +         Harm     .   (gloves unavailable)
MR       .....     NoTele   +   (boots unavailable)
Stlth    +.........             (no amulet)
HPRegen  0.61/turn              j - ring of resist corrosion
MPRegen  0.09/turn              (no ring)

@: no status effects
A: large, unfitting armour, claws 3, fast metabolism 3, gourmand, regeneration
1, shaggy fur 1, tough skin 2
a: Upheaval, Renounce Religion


You were in the Dungeon.
You worshipped Qazlal.
Qazlal was pleased with you.
You were full.

You visited 1 branch You collected 243 gold pieces.
You spent 144 gold pieces at shops.

Inventory:

Armour
 a - a +0 robe (worn)
Jewellery
 j - a ring of resist corrosion (left claw)
Scrolls
 d - a scroll of fog
 h - a scroll of blinking
Potions
 c - a potion of curing
 e - a potion of haste
 f - 2 potions of magic
 g - a potion of berserk rage
Comestibles
 b - 2 rations


   Skills:
 + Level 6.6 Fighting
 + Level 6.7 Dodging
 - Level 1.0 Stealth
 * Level 10.8 Unarmed Combat
 + Level 0.0 Invocations


You had 5 spell levels left.
You didn't know any spells.
Your spell library was empty.

Dungeon Overview and Level Annotations

Branches:
Dungeon (1/1)

Altars:
Cheibriados
Dithmenos
Elyvilon
Fedhas
Gozag
Hepliaklqana
Kikubaaqudgha
Makhleb
Nemelex Xobeh
Okawaru
Qazlal
Ru
Sif Muna
Trog
Uskayaw
Vehumet
Wu Jian
Xom
Yredelemnul
Zin
The Shining One
Beogh
Jiyva
Lugonu

Shops:
D (::![?==*!((%[}[

Annotations:
D exclusion: oklob plant


Innate Abilities, Weirdness & Mutations

You are too large for most types of armour.
You have claws for hands.
Your metabolism is lightning-fast.
You like to eat raw meat.
Your natural rate of healing is unusually fast.
You are covered in fur. (AC +1)
You have very tough skin. (AC +2)


Message History

Qazlal grants you and your divine allies immunity to clouds.
There is an ornate altar of the Wu Jian Council here.
There is a glowing golden altar of the Shining One here.
There is an open door here.
You enter the shallow water.
Moving in this stuff is going to be slow.
A spear shoots out and hits you!
There is a spear trap here.
A deep elf master archer comes into view.
The deep elf master archer wields a +0 longbow.
The deep elf master archer shoots an arrow.
The arrow hits you!!
The deep elf master archer shoots an arrow.
The arrow hits you!!
* * * LOW HITPOINT WARNING * * *
You see here 2 arrows.
The deep elf master archer shoots an arrow.
The arrow hits you!!!
Ouch! That really hurt!
You die...

####+#### ##....°..##
#..○.○°...## ...○°8°....##++#
#..°°°..°○##≈..^### ## ○°...
#e≈.....# ≈#+++#+++## #^...#
≈...÷.....# +..@(# ≈≈.##+##..#
####^# ≈≈## ##.#### +.### ≈≈#
#....# #...# ### ###..## ##..#
#▓"??!)[$? # #+###.##..# +..#
#▓)$$%[!(( ##.##...#..# #.^#
#▓$[$[$!)[
+.<.')#.'..####..####▓$)$$$[$?
##.##...#....###...##▓▓▓▓▓▓▓+▓


You could see a deep elf master archer.

Vanquished Creatures
  A merfolk siren (D)
  Menkaure (D)
  2 crocodiles (D)
4 creatures vanquished.

Notes
Turn   | Place    | Note
-------+----------+-------------------------------------------
     0 | D        | Lanoc the Troll Monk began the quest for the Orb.
     0 | D        | Reached XP level 1. HP: 22/22 MP: 0/0
     1 | D        | Noticed a merfolk siren
    10 | D        | HP: 1/22 [merfolk siren/+0 trident (5)]
    11 | D        | Killed a merfolk siren
    11 | D        | Reached skill level 9 in Unarmed Combat
    11 | D        | Reached XP level 2. HP: 3/36 MP: 1/1
    11 | D        | Reached XP level 3. HP: 3/44 MP: 2/2
    11 | D        | Reached XP level 4. HP: 4/52 MP: 3/3
    11 | D        | Reached XP level 5. HP: 5/59 MP: 4/4
    11 | D        | Reached XP level 6. HP: 5/67 MP: 5/5
    38 | D        | Noticed Menkaure
    41 | D        | Killed Menkaure
    41 | D        | Reached skill level 10 in Unarmed Combat
   115 | D        | Noticed an ice statue
   165 | D        | Found Voudim's Gadget Boutique.
   165 | D        | Found Efoh's Antique Armour Shop.
   166 | D        | Found Isuax's Antique Weapon Shop.
   166 | D        | Found Vuablil's Food Boutique.
   166 | D        | Found Nigudell's Antique Armour Shop.
   167 | D        | Found Fizoc's Assorted Antiques.
   167 | D        | Found Witeego's Distillery.
   167 | D        | Found Lytoydwo's Jewellery Boutique.
   167 | D        | Found Gufoqod's Antique Weapon Shop.
   168 | D        | Found Vyna's Jewellery Boutique.
   168 | D        | Found Vihyetug's Magic Scroll Boutique.
   168 | D        | Found Vaekau's Antique Armour Shop.
   168 | D        | Noticed a manticore
   168 | D        | Noticed a manticore
   172 | D        | Found Yficykiu's Distillery.
   172 | D        | Found Tust's Book Shop.
   172 | D        | Noticed a manticore
   172 | D        | Noticed an oklob plant
   173 | D        | Found Vinoamei's Book Shoppe.
   173 | D        | Found Usatah's Weapon Boutique.
   177 | D        | Noticed a hippogriff
   189 | D        | Noticed a hippogriff
   191 | D        | Noticed a hippogriff
   194 | D        | Bought a scroll labeled HOEVVE OTYNTOI for 18 gold pieces
   194 | D        | Bought a scroll labeled HOEVVE OTYNTOI for 18 gold pieces
   194 | D        | Bought a scroll labeled JOANIRI HIEHIN for 18 gold pieces
   194 | D        | Bought a bronze ring for 90 gold pieces
   210 | D        | Noticed an obsidian statue
   220 | D        | Found a glowing silver altar of Zin.
   220 | D        | Found a radiant altar of Vehumet.
   221 | D        | Found a glowing golden altar of the Shining One.
   221 | D        | Found a basalt altar of Yredelemnul.
   221 | D        | Found a hide-covered altar of Uskayaw.
   222 | D        | Found a shimmering altar of Xom.
   222 | D        | Found a bloodstained altar of Trog.
   223 | D        | Found an ornate altar of the Wu Jian Council.
   223 | D        | Found a deep blue altar of Sif Muna.
   223 | D        | Found a corrupted altar of Lugonu.
   223 | D        | Found a burning altar of Makhleb.
   224 | D        | Found a sacrificial altar of Ru.
   224 | D        | Found an ancient bone altar of Kikubaaqudgha.
   224 | D        | Found a white marble altar of Elyvilon.
   225 | D        | Found a stormy altar of Qazlal.
   225 | D        | Found a viscous altar of Jiyva.
   225 | D        | Found a shadowy altar of Dithmenos.
   226 | D        | Found a hazy altar of Hepliaklqana.
   226 | D        | Found a snail-covered altar of Cheibriados.
   227 | D        | Found a roughly hewn altar of Beogh.
   229 | D        | Found a sparkling altar of Nemelex Xobeh.
   229 | D        | Found a blossoming altar of Fedhas.
   230 | D        | Found an iron altar of Okawaru.
   230 | D        | Found an opulent altar of Gozag.
   237 | D        | Became a worshipper of Qazlal Stormbringer
   237 | D        | Reached * piety under Qazlal
   237 | D        | Reached ** piety under Qazlal
   253 | D        | Noticed a deep elf master archer
   254 | D        | Shot with an arrow by a deep elf master archer

Vault maps used:
D:        the_violet_keep_of_menkaure

Skill      XL: |  1  2  3  4  5  6 |
---------------+-------------------+-----
Fighting       | 6 |  6.6
Dodging        | 6 |  6.7
Unarmed Combat | 9 10 | 10.8
Stealth        | |  1.0

Action                   |  1- 3 |  4- 6 || total
-------------------------+-------+-------++-------
Melee: Unarmed           |     9 |    12 ||    21
       Punch             |       |     1 ||     1
  Use: Scroll            |       |     2 ||     2
       Potion            |       |     1 ||     1
  Eat: Chunk             |       |     4 ||     4
Dodge: Dodged            |       |     6 ||     6

Table legend:
 A = Non-vault XP
 B = Vault XP
 C = Vault XP percentage of total XP
 D = Non-vault monster count
 E = Vault monster count
 F = Vault count percentage of total count
                 A         B        C        D         E       F
            +---------+---------+-------+---------+---------+-------
      Total |       0 |     697 | 100.0 |       0 |       4 | 100.0
            +---------+---------+-------+---------+---------+-------
          D |       0 |     697 | 100.0 |       0 |       4 | 100.0
            +---------+---------+-------+---------+---------+-------
